[ AOE2 MATCH · #485550498 ]
Team RMSlavs vs Sicilians
[ REPLAY ANALYSIS · EXTRACTED FROM THE RECORDED GAME ]
Feudal
14:01
Castle
24:08
Imperial
40:23
| APM avg | 19.2 |
| APM peak | 45 |
| eAPM avg | 12.1 |
| Villagers / military | 118 / 155 |
Focus
⚔️ 41.6% · 🌾 58.4%
Militia ×88 · Spearman ×24 · Knight ×14 · Boyar ×9 · Skirmisher ×7 · Scout Cavalry ×6
Feudal
13:52
Castle
18:39
Imperial
45:41
| APM avg | 12.7 |
| APM peak | 58 |
| eAPM avg | 8.4 |
| Villagers / military | 134 / 175 |
Focus
⚔️ 26.0% · 🌾 74.0%
Skirmisher ×101 · Gbeto ×64 · Trebuchet (Packed) ×4 · Mangonel ×4 · Battering Ram ×2
Feudal
9:50
Castle
21:48
Imperial
45:24
| APM avg | 29.0 |
| APM peak | 72 |
| eAPM avg | 17.6 |
| Villagers / military | 171 / 247 |
Focus
⚔️ 49.6% · 🌾 50.4%
Archer ×127 · Skirmisher ×37 · Knight ×31 · Rattan Archer ×26 · Battle Elephant ×17 · Trebuchet (Packed) ×6
Feudal
12:42
Castle
23:39
Imperial
32:33
| APM avg | 26.8 |
| APM peak | 61 |
| eAPM avg | 17.9 |
| Villagers / military | 97 / 226 |
Focus
⚔️ 34.7% · 🌾 65.3%
Serjeant ×199 · Battering Ram ×17 · Trade Cart ×11 · Monk ×4 · Trebuchet (Packed) ×4 · Spearman ×2
Match map
Initial resources + every placement click. Lines = walls · curves = elevation contours. ◆ gold · ⬟ stone · ● berries · ✦ relic · ◌ wall gap
Your base· Open — unwalled flank
BHA-1's base· Open — unwalled flank
Maximo Cossetti's base· Open — 1t gap
bmedina_CHILE's base· ✓ Closed at 23:39 · 82t walls · 1 gate(s)
Smoothed initial terrain · ◌ = detected wall gap · hover for details
Inputs per minute
— Heartitraces - - BHA-1
Build order — Heartitraces
First 150 of 436 actions detected
| 0:02 | Create | Villager (Male) |
| 0:02 | Create | Villager (Male) |
| 0:02 | Create | Villager (Male) |
| 0:02 | Create | Villager (Male) |
| 0:03 | Create | Villager (Male) |
| 0:21 | Build | House |
| 0:25 | Build | House |
| 1:45 | Create | Villager (Male) |
| 2:28 | Create | Villager (Male) |
| 3:02 | Create | Villager (Male) |
| 3:14 | Build | Lumber Camp |
| 3:17 | Create | Villager (Male) |
| 3:29 | Create | Villager (Male) |
| 3:33 | Research | Loom |
| 3:34 | Create | Villager (Male) |
| 3:56 | Build | House |
| 4:09 | Create | Villager (Male) |
| 4:09 | Create | Villager (Male) |
| 4:33 | Create | Villager (Male) |
| 4:33 | Create | Villager (Male) |
| 5:30 | Create | Villager (Male) |
| 6:15 | Create | Villager (Male) |
| 6:27 | Build | House |
| 6:52 | Create | Villager (Male) |
| 6:52 | Create | Villager (Male) |
| 6:53 | Create | Villager (Male) |
| 6:53 | Create | Villager (Male) |
| 7:10 | Create | Villager (Male) |
| 7:11 | Create | Villager (Male) |
| 7:11 | Create | Villager (Male) |
| 7:24 | Create | Villager (Male) |
| 8:12 | Build | Barracks |
| 8:22 | Build | Palisade Wall |
| 8:27 | Build | Palisade Gate |
| 8:36 | Build | Mill |
| 8:50 | Build | Mill |
| 9:52 | Build | Mining Camp |
| 9:55 | Create | Villager (Male) |
| 9:56 | Create | Villager (Male) |
| 10:40 | Create | Villager (Male) |
| 10:41 | Create | Villager (Male) |
| 11:51 | Research | Feudal Age |
| 13:59 | Create | Villager (Male) |
| 13:59 | Create | Villager (Male) |
| 13:59 | Create | Villager (Male) |
| 14:00 | Create | Villager (Male) |
| 14:01 | Age | Feudal Age |
| 14:05 | Research | Horse Collar |
| 14:07 | Research | Double-Bit Axe |
| 14:09 | Create | Villager (Male) |
| 14:10 | Create | Villager (Male) |
| 14:10 | Create | Villager (Male) |
| 14:10 | Create | Villager (Male) |
| 14:24 | Build | Stable |
| 14:38 | Create | Villager (Male) |
| 14:38 | Create | Villager (Male) |
| 14:39 | Create | Villager (Male) |
| 14:39 | Create | Villager (Male) |
| 14:46 | Build | Stable |
| 14:53 | Build | Palisade Wall |
| 14:57 | Build | Palisade Gate |
| 15:46 | Build | Blacksmith |
| 15:52 | Build | Palisade Wall |
| 15:58 | Build | Palisade Gate |
| 16:03 | Create | Villager (Male) |
| 16:04 | Create | Villager (Male) |
| 16:04 | Create | Villager (Male) |
| 16:26 | Build | Farm |
| 16:27 | Build | Farm |
| 16:28 | Build | Farm |
| 16:29 | Build | Farm |
| 16:29 | Build | Farm |
| 16:30 | Build | Farm |
| 16:33 | Build | Farm |
| 16:34 | Build | Farm |
| 16:36 | Build | Farm |
| 16:37 | Build | Farm |
| 16:42 | Build | Farm |
| 16:48 | Build | Farm |
| 16:49 | Build | Farm |
| 16:52 | Create | Villager (Male) |
| 16:53 | Create | Villager (Male) |
| 16:55 | Build | Farm |
| 17:03 | Build | Farm |
| 17:21 | Build | Archery Range |
| 17:33 | Build | Farm |
| 17:38 | Create | Villager (Male) |
| 17:38 | Create | Villager (Male) |
| 17:52 | Create | Villager (Male) |
| 18:00 | Create | Skirmisher |
| 18:16 | Build | Farm |
| 18:19 | Build | Farm |
| 18:37 | Create | Skirmisher |
| 18:38 | Create | Skirmisher |
| 18:39 | Create | Skirmisher |
| 18:44 | Build | Farm |
| 19:16 | Create | Skirmisher |
| 19:16 | Create | Skirmisher |
| 19:16 | Create | Skirmisher |
| 19:25 | Build | House |
| 19:29 | Build | House |
| 19:42 | Build | Farm |
| 21:28 | Research | Castle Age |
| 21:48 | Research | Scale Barding Armor |
| 21:50 | Research | Forging |
| 22:03 | Research | Gold Mining |
| 22:23 | Research | Bloodlines |
| 23:22 | Create | Scout Cavalry |
| 24:08 | Age | Castle Age |
| 24:15 | Research | Husbandry |
| 24:15 | Create | Knight |
| 24:15 | Create | Knight |
| 24:16 | Create | Knight |
| 24:16 | Create | Knight |
| 24:16 | Create | Knight |
| 24:17 | Create | Knight |
| 24:17 | Create | Knight |
| 24:42 | Build | Town Center |
| 24:56 | Build | Town Center |
| 24:59 | Research | Wheelbarrow |
| 25:01 | Research | Heavy Plow |
| 25:03 | Research | Bow Saw |
| 25:57 | Create | Knight |
| 25:57 | Create | Knight |
| 25:57 | Create | Knight |
| 26:05 | Create | Villager (Male) |
| 26:05 | Create | Villager (Male) |
| 26:06 | Create | Villager (Male) |
| 26:06 | Create | Villager (Male) |
| 26:06 | Create | Villager (Male) |
| 26:22 | Create | Scout Cavalry |
| 26:25 | Research | Hand Cart |
| 26:28 | Create | Villager (Male) |
| 26:28 | Create | Villager (Male) |
| 26:29 | Create | Villager (Male) |
| 26:29 | Create | Villager (Male) |
| 26:37 | Build | Mining Camp |
| 26:57 | Create | Knight |
| 27:25 | Build | House |
| 27:26 | Build | House |
| 27:28 | Build | House |
| 27:36 | Build | Monastery |
| 29:33 | Create | Scout Cavalry |
| 29:37 | Research | Stone Mining |
| 29:40 | Research | Gold Shaft Mining |
| 29:42 | Create | Villager (Male) |
| 29:42 | Create | Villager (Male) |
| 29:43 | Create | Villager (Male) |
| 29:43 | Create | Villager (Male) |
| 29:43 | Create | Villager (Male) |
Build order — BHA-1
First 150 of 243 actions detected
| 0:01 | Create | Villager (Male) ×4 |
| 0:04 | Build | House |
| 0:06 | Build | House |
| 1:40 | Create | Villager (Male) |
| 1:41 | Create | Villager (Male) |
| 2:06 | Create | Villager (Male) |
| 2:06 | Create | Villager (Male) |
| 2:28 | Create | Villager (Male) |
| 2:29 | Create | Villager (Male) |
| 2:56 | Create | Villager (Male) |
| 3:12 | Create | Villager (Male) |
| 3:12 | Create | Villager (Male) |
| 3:23 | Build | Lumber Camp |
| 3:58 | Create | Villager (Male) |
| 3:58 | Create | Villager (Male) |
| 4:16 | Build | Mill |
| 4:29 | Build | House |
| 4:30 | Build | House |
| 4:31 | Build | House |
| 4:34 | Create | Villager (Male) |
| 4:34 | Create | Villager (Male) |
| 5:01 | Create | Villager (Male) |
| 5:02 | Create | Villager (Male) |
| 5:03 | Create | Villager (Male) |
| 5:57 | Create | Villager (Male) |
| 5:57 | Create | Villager (Male) |
| 5:59 | Create | Villager (Male) |
| 6:00 | Create | Villager (Male) |
| 6:00 | Create | Villager (Male) |
| 6:01 | Create | Villager (Male) |
| 7:03 | Create | Villager (Male) |
| 7:04 | Create | Villager (Male) |
| 8:20 | Create | Villager (Male) |
| 8:21 | Create | Villager (Male) |
| 8:21 | Create | Villager (Male) |
| 8:21 | Create | Villager (Male) |
| 8:22 | Create | Villager (Male) |
| 8:36 | Build | Farm |
| 8:45 | Build | Farm |
| 9:31 | Create | Villager (Male) |
| 9:31 | Create | Villager (Male) |
| 9:50 | Build | Mining Camp |
| 9:59 | Research | Loom |
| 10:01 | Research | Feudal Age |
| 10:10 | Build | Mining Camp |
| 10:45 | Build | Farm |
| 10:45 | Build | Farm |
| 10:46 | Build | Farm |
| 10:47 | Build | Farm |
| 10:48 | Build | Farm |
| 11:05 | Create | Villager (Male) |
| 11:05 | Create | Villager (Male) |
| 11:42 | Research | Feudal Age |
| 11:42 | Create | Villager (Male) |
| 11:43 | Create | Villager (Male) |
| 13:52 | Age | Feudal Age |
| 13:56 | Build | Market |
| 13:59 | Build | Blacksmith |
| 14:10 | Build | House |
| 14:33 | Build | Farm |
| 14:35 | Build | Farm |
| 14:36 | Build | Farm |
| 14:37 | Build | Farm |
| 14:59 | Build | Watch Tower |
| 15:59 | Research | Castle Age |
| 16:24 | Build | Watch Tower |
| 17:13 | Research | Fletching |
| 18:39 | Age | Castle Age |
| 18:45 | Create | Villager (Male) |
| 18:45 | Create | Villager (Male) |
| 18:46 | Create | Villager (Male) |
| 19:00 | Research | Bodkin Arrow |
| 19:11 | Build | Barracks |
| 19:15 | Build | House |
| 19:52 | Build | Farm |
| 19:52 | Build | Farm |
| 20:16 | Research | Double-Bit Axe |
| 20:20 | Research | Horse Collar |
| 20:22 | Create | Villager (Male) |
| 20:23 | Create | Villager (Male) |
| 20:24 | Create | Villager (Male) |
| 22:14 | Build | Castle |
| 22:30 | Create | Villager (Male) |
| 22:31 | Create | Villager (Male) |
| 22:31 | Create | Villager (Male) |
| 22:31 | Create | Villager (Male) |
| 23:17 | Research | Bow Saw |
| 23:17 | Research | Heavy Plow |
| 23:24 | Build | Farm |
| 23:25 | Build | Farm |
| 23:43 | Create | Gbeto ×5 |
| 23:43 | Create | Gbeto ×5 |
| 23:55 | Build | Archery Range |
| 24:02 | Build | Farm |
| 24:03 | Build | Farm |
| 24:03 | Build | Farm |
| 24:40 | Build | Town Center |
| 24:58 | Research | Elite Skirmisher (upgrade) |
| 24:58 | Create | Skirmisher |
| 25:47 | Create | Villager (Male) |
| 25:47 | Create | Villager (Male) |
| 25:48 | Create | Villager (Male) |
| 25:48 | Create | Villager (Male) |
| 26:05 | Create | Villager (Male) ×5 |
| 27:02 | Create | Gbeto ×5 |
| 27:14 | Build | Farm |
| 27:14 | Build | Farm |
| 27:22 | Build | Farm |
| 27:23 | Build | Farm |
| 27:25 | Build | Farm |
| 27:29 | Create | Villager (Male) |
| 27:29 | Create | Villager (Male) |
| 27:46 | Create | Villager (Male) |
| 27:47 | Create | Villager (Male) |
| 27:59 | Build | Farm |
| 28:00 | Build | Farm |
| 28:01 | Build | Farm |
| 28:02 | Build | Farm |
| 28:11 | Build | Farm |
| 28:52 | Create | Villager (Male) |
| 28:53 | Create | Villager (Male) |
| 28:54 | Create | Villager (Male) |
| 28:54 | Create | Villager (Male) |
| 29:32 | Create | Gbeto ×5 |
| 29:40 | Create | Villager (Male) |
| 29:40 | Create | Villager (Male) |
| 29:41 | Create | Villager (Male) |
| 29:43 | Create | Villager (Male) |
| 29:54 | Build | Farm |
| 29:56 | Build | Farm |
| 29:57 | Build | Farm |
| 30:00 | Build | Farm |
| 30:02 | Build | Farm |
| 31:54 | Research | Wheelbarrow |
| 31:55 | Research | Town Watch |
| 32:01 | Build | House |
| 32:02 | Build | House |
| 32:04 | Build | House |
| 32:04 | Build | House |
| 32:06 | Build | House |
| 32:07 | Build | House |
| 32:09 | Build | House |
| 32:10 | Build | House |
| 32:11 | Build | House |
| 32:12 | Build | House |
| 32:14 | Build | House |
| 32:15 | Build | House |
| 34:33 | Build | Castle |
| 34:35 | Build | House |
| 34:40 | Build | House |
Build order — Maximo Cossetti
First 150 of 408 actions detected
| 0:01 | Create | Villager (Male) ×4 |
| 0:03 | Build | House |
| 0:05 | Build | House |
| 1:26 | Create | Villager (Male) |
| 1:46 | Build | Lumber Camp |
| 2:03 | Create | Villager (Male) |
| 2:24 | Create | Villager (Male) |
| 2:39 | Build | House |
| 3:00 | Create | Villager (Male) |
| 3:13 | Create | Villager (Male) |
| 4:04 | Create | Villager (Male) |
| 4:05 | Create | Villager (Male) |
| 4:41 | Create | Villager (Male) |
| 5:27 | Build | Mill |
| 5:32 | Create | Villager (Male) |
| 5:32 | Create | Villager (Male) |
| 5:32 | Create | Villager (Male) |
| 5:34 | Create | Villager (Male) |
| 5:34 | Create | Villager (Male) |
| 6:40 | Research | Loom |
| 7:40 | Research | Feudal Age |
| 8:21 | Build | Mining Camp |
| 8:36 | Build | Barracks |
| 8:40 | Build | House |
| 9:04 | Build | House |
| 9:38 | Build | House |
| 9:50 | Age | Feudal Age |
| 9:55 | Research | Double-Bit Axe |
| 9:58 | Build | Archery Range |
| 10:07 | Build | Palisade Wall |
| 10:08 | Build | Palisade Wall |
| 10:12 | Create | Villager (Male) |
| 10:14 | Create | Villager (Male) |
| 10:14 | Create | Villager (Male) |
| 10:19 | Build | Farm |
| 10:20 | Build | Farm |
| 10:48 | Create | Archer ×3 |
| 10:55 | Build | Farm |
| 11:04 | Build | Palisade Wall |
| 11:16 | Build | Palisade Wall |
| 11:30 | Build | Blacksmith |
| 11:37 | Create | Villager (Male) |
| 11:38 | Create | Archer |
| 12:03 | Build | Palisade Gate |
| 12:07 | Create | Villager (Male) |
| 12:17 | Build | Farm |
| 12:19 | Create | Villager (Male) |
| 12:45 | Build | Palisade Wall |
| 12:47 | Build | Palisade Wall |
| 12:50 | Create | Archer |
| 12:57 | Research | Padded Archer Armor |
| 13:03 | Build | Farm |
| 13:08 | Build | Farm |
| 13:18 | Build | Palisade Wall |
| 13:20 | Create | Villager (Male) |
| 13:20 | Create | Villager (Male) |
| 13:21 | Create | Archer |
| 13:54 | Build | House |
| 13:55 | Build | House |
| 13:56 | Build | House |
| 13:58 | Create | Villager (Male) |
| 14:00 | Build | Farm |
| 14:02 | Create | Villager (Male) |
| 14:02 | Create | Villager (Male) |
| 14:04 | Create | Archer |
| 14:29 | Create | Villager (Male) |
| 14:40 | Build | Palisade Wall |
| 14:43 | Build | Palisade Wall |
| 14:45 | Create | Villager (Male) |
| 14:45 | Create | Villager (Male) |
| 14:47 | Create | Archer |
| 14:57 | Research | Fletching |
| 15:27 | Create | Villager (Male) |
| 15:28 | Create | Villager (Male) |
| 15:28 | Create | Villager (Male) |
| 15:31 | Build | Farm |
| 15:32 | Build | Farm |
| 15:33 | Build | Farm |
| 15:34 | Build | Farm |
| 15:35 | Build | Farm |
| 16:18 | Build | Farm |
| 16:23 | Build | House |
| 16:24 | Build | House |
| 16:25 | Create | Villager (Male) |
| 16:28 | Create | Archer ×2 |
| 16:48 | Create | Spearman |
| 17:05 | Create | Villager (Male) |
| 17:30 | Build | Farm |
| 18:08 | Build | Farm |
| 18:10 | Build | Farm |
| 18:22 | Research | Horse Collar |
| 19:02 | Build | Mining Camp |
| 19:08 | Research | Castle Age |
| 20:12 | Create | Villager (Male) |
| 20:12 | Create | Villager (Male) |
| 20:20 | Build | Lumber Camp |
| 20:35 | Build | Palisade Wall |
| 20:36 | Build | Palisade Wall |
| 20:37 | Build | Palisade Wall |
| 20:46 | Create | Villager (Male) |
| 20:46 | Create | Villager (Male) |
| 21:13 | Create | Villager (Male) |
| 21:14 | Research | Town Watch |
| 21:40 | Build | House |
| 21:42 | Build | House |
| 21:43 | Build | House |
| 21:48 | Age | Castle Age |
| 21:52 | Build | Archery Range |
| 22:01 | Build | Archery Range |
| 22:13 | Create | Villager (Male) |
| 22:14 | Research | Bow Saw |
| 22:16 | Research | Crossbowman (upgrade) |
| 22:17 | Research | Thumb Ring |
| 22:24 | Build | Farm |
| 22:32 | Create | Archer ×4 |
| 23:02 | Create | Villager (Male) |
| 23:08 | Research | Heavy Plow |
| 23:16 | Build | House |
| 23:43 | Create | Villager (Male) |
| 24:19 | Research | Bodkin Arrow |
| 24:19 | Research | Leather Archer Armor |
| 24:25 | Build | Town Center |
| 24:36 | Create | Villager (Male) |
| 24:36 | Create | Villager (Male) |
| 24:36 | Research | Wheelbarrow |
| 24:42 | Create | Archer ×2 |
| 25:16 | Create | Villager (Male) |
| 25:17 | Create | Villager (Male) |
| 25:17 | Create | Villager (Male) |
| 25:21 | Build | Stable |
| 25:36 | Build | Town Center |
| 25:40 | Create | Villager (Male) |
| 25:40 | Create | Villager (Male) |
| 25:40 | Create | Villager (Male) |
| 25:44 | Research | Leather Archer Armor |
| 25:51 | Create | Archer |
| 26:53 | Build | University |
| 26:58 | Create | Villager (Male) |
| 26:58 | Create | Villager (Male) |
| 27:00 | Create | Archer ×4 |
| 27:02 | Create | Villager (Male) |
| 27:02 | Create | Villager (Male) |
| 27:02 | Create | Villager (Male) |
| 27:02 | Create | Villager (Male) |
| 27:03 | Create | Villager (Male) |
| 27:03 | Create | Villager (Male) |
| 27:31 | Create | Villager (Male) |
| 27:31 | Create | Villager (Male) |
| 27:32 | Create | Villager (Male) ×2 |
| 27:36 | Build | Farm |
Build order — bmedina_CHILE
First 150 of 639 actions detected
| 0:02 | Build | House |
| 0:03 | Build | House |
| 0:04 | Research | Loom |
| 0:04 | Research | Loom |
| 0:05 | Create | Villager (Male) |
| 0:05 | Create | Villager (Male) |
| 0:15 | Create | Villager (Male) |
| 0:15 | Create | Villager (Male) |
| 1:50 | Create | Villager (Male) |
| 1:50 | Create | Villager (Male) |
| 2:37 | Create | Villager (Male) |
| 2:37 | Create | Villager (Male) |
| 2:37 | Create | Villager (Male) |
| 3:19 | Create | Villager (Male) |
| 3:19 | Create | Villager (Male) |
| 3:19 | Create | Villager (Male) |
| 3:48 | Build | House |
| 3:52 | Build | Mill |
| 3:57 | Create | Villager (Male) |
| 4:25 | Create | Villager (Male) |
| 4:54 | Create | Villager (Male) |
| 4:54 | Create | Villager (Male) |
| 5:03 | Build | Lumber Camp |
| 5:21 | Build | House |
| 5:23 | Create | Villager (Male) |
| 5:43 | Create | Villager (Male) |
| 5:49 | Create | Villager (Male) |
| 6:04 | Build | House |
| 6:18 | Build | Palisade Wall |
| 6:35 | Create | Villager (Male) |
| 6:42 | Build | House |
| 7:07 | Create | Villager (Male) |
| 7:07 | Create | Villager (Male) |
| 7:36 | Build | Donjon |
| 7:44 | Build | Mining Camp |
| 7:46 | Create | Villager (Male) |
| 7:56 | Create | Villager (Male) |
| 8:15 | Create | Villager (Male) |
| 8:41 | Create | Villager (Male) |
| 9:10 | Build | House |
| 9:24 | Create | Villager (Male) |
| 9:42 | Build | Barracks |
| 9:50 | Create | Villager (Male) |
| 10:13 | Research | Feudal Age |
| 10:31 | Build | House |
| 10:33 | Build | House |
| 11:20 | Build | Lumber Camp |
| 11:30 | Build | Farm |
| 11:34 | Build | Farm |
| 12:07 | Build | Mill |
| 12:17 | Build | House |
| 12:25 | Build | Palisade Wall |
| 12:34 | Build | Palisade Wall |
| 12:42 | Age | Feudal Age |
| 12:52 | Build | Palisade Gate |
| 12:55 | Research | Wheelbarrow |
| 12:56 | Research | Wheelbarrow |
| 12:58 | Research | Double-Bit Axe |
| 12:58 | Research | Double-Bit Axe |
| 13:09 | Build | House |
| 13:12 | Build | House |
| 13:18 | Build | Palisade Wall |
| 13:39 | Research | Horse Collar |
| 13:39 | Research | Horse Collar |
| 14:04 | Create | Villager (Male) |
| 14:05 | Create | Villager (Male) |
| 14:24 | Build | Palisade Wall |
| 14:35 | Build | Market |
| 14:40 | Build | Blacksmith |
| 14:58 | Build | Farm |
| 15:00 | Create | Villager (Male) |
| 15:01 | Create | Villager (Male) |
| 15:05 | Build | Farm |
| 15:14 | Build | Mining Camp |
| 15:31 | Create | Serjeant |
| 15:32 | Create | Serjeant |
| 15:44 | Build | Farm |
| 15:45 | Create | Villager (Male) |
| 16:10 | Create | Villager (Male) |
| 16:12 | Create | Villager (Male) |
| 16:22 | Build | House |
| 16:24 | Build | House |
| 16:31 | Build | Palisade Wall |
| 16:37 | Create | Villager (Male) |
| 16:40 | Create | Serjeant |
| 16:45 | Build | Farm |
| 16:46 | Create | Villager (Male) |
| 16:47 | Create | Villager (Male) |
| 16:49 | Research | Gold Mining |
| 16:50 | Research | Stone Mining |
| 17:20 | Build | Farm |
| 17:22 | Build | Farm |
| 17:24 | Build | Farm |
| 17:40 | Create | Villager (Male) |
| 17:49 | Build | Farm |
| 17:49 | Build | Farm |
| 17:51 | Build | Farm |
| 17:53 | Build | Farm |
| 17:58 | Create | Villager (Male) |
| 18:34 | Create | Villager (Male) |
| 18:46 | Create | Villager (Male) |
| 19:05 | Create | Villager (Male) |
| 19:18 | Create | Villager (Male) |
| 19:39 | Build | Palisade Wall |
| 19:50 | Build | Palisade Wall |
| 20:59 | Research | Castle Age |
| 21:16 | Build | Donjon |
| 21:50 | Build | Donjon |
| 21:58 | Build | Donjon |
| 22:05 | Create | Villager (Male) |
| 22:40 | Build | House |
| 22:41 | Build | House |
| 22:41 | Build | House |
| 22:42 | Build | House |
| 22:43 | Build | House |
| 22:43 | Build | House |
| 22:52 | Build | House |
| 22:52 | Build | House |
| 22:53 | Build | House |
| 22:54 | Build | House |
| 22:54 | Build | House |
| 22:55 | Build | House |
| 22:55 | Build | House |
| 22:57 | Create | Villager (Male) |
| 23:15 | Build | Donjon |
| 23:17 | Create | Serjeant |
| 23:18 | Create | Serjeant |
| 23:39 | Age | Castle Age |
| 23:48 | Build | Town Center |
| 24:03 | Build | Town Center |
| 24:12 | Build | Town Center |
| 24:20 | Research | Hand Cart |
| 24:20 | Research | Hand Cart |
| 24:28 | Research | Stone Shaft Mining |
| 24:55 | Build | Donjon |
| 25:05 | Create | Villager (Male) |
| 25:05 | Create | Villager (Male) |
| 25:05 | Create | Villager (Male) |
| 25:05 | Create | Villager (Male) |
| 25:06 | Create | Villager (Male) |
| 25:06 | Create | Villager (Male) |
| 25:06 | Create | Villager (Male) |
| 25:19 | Build | House |
| 25:19 | Build | House |
| 25:19 | Build | House |
| 25:19 | Build | House |
| 25:21 | Build | House |
| 25:21 | Build | House |
| 25:23 | Build | House |
| 25:23 | Build | House |
Match timeline
| 6:18 | bmedina_CHILE · wall_segment Palisade Wall x1 |
| 7:36 | bmedina_CHILE · first_building Donjon |
| 8:12 | Heartitraces · first_building Barracks |
| 8:22 | Heartitraces · wall_segment Palisade Wall x2 |
| 8:36 | Maximo Cossetti · first_building Barracks |
| 9:42 | bmedina_CHILE · first_building Barracks |
| 9:50 | Maximo Cossetti · age_up feudal |
| 9:58 | Maximo Cossetti · first_building Archery Range |
| 10:07 | Maximo Cossetti · wall_segment Palisade Wall x1 |
| 10:08 | Maximo Cossetti · wall_segment Palisade Wall x1 |
| 11:04 | Maximo Cossetti · wall_segment Palisade Wall x1 |
| 11:16 | Maximo Cossetti · wall_segment Palisade Wall x10 |
| 12:25 | bmedina_CHILE · wall_segment Palisade Wall x1 |
| 12:34 | bmedina_CHILE · wall_segment Palisade Wall x9 |
| 12:42 | bmedina_CHILE · age_up feudal |
| 12:45 | Maximo Cossetti · wall_segment Palisade Wall x1 |
| 12:47 | Maximo Cossetti · wall_segment Palisade Wall x1 |
| 13:18 | bmedina_CHILE · wall_segment Palisade Wall x1 |
| 13:18 | Maximo Cossetti · wall_segment Palisade Wall x18 |
| 13:52 | BHA-1 · age_up feudal |
| 14:01 | Heartitraces · age_up feudal |
| 14:24 | bmedina_CHILE · wall_segment Palisade Wall x16 |
| 14:24 | Heartitraces · first_building Stable |
| 14:40 | Maximo Cossetti · wall_segment Palisade Wall x6 |
| 14:43 | Maximo Cossetti · wall_segment Palisade Wall x1 |
| 14:53 | Heartitraces · wall_segment Palisade Wall x2 |
| 15:52 | Heartitraces · wall_segment Palisade Wall x9 |
| 16:31 | bmedina_CHILE · wall_segment Palisade Wall x22 |
| 17:21 | Heartitraces · first_building Archery Range |
| 18:39 | BHA-1 · age_up castle |
| 19:11 | BHA-1 · first_building Barracks |
| 19:39 | bmedina_CHILE · wall_segment Palisade Wall x10 |
| 19:50 | bmedina_CHILE · wall_segment Palisade Wall x22 |
| 20:35 | Maximo Cossetti · wall_segment Palisade Wall x1 |
| 20:36 | Maximo Cossetti · wall_segment Palisade Wall x1 |
| 20:37 | Maximo Cossetti · wall_segment Palisade Wall x1 |
| 20:57 | bmedina_CHILE · first_market_buy 100 food |
| 21:48 | Maximo Cossetti · age_up castle |
| 22:14 | BHA-1 · first_building Castle |
| 23:39 | bmedina_CHILE · age_up castle |
| 23:55 | BHA-1 · first_building Archery Range |
| 24:08 | Heartitraces · age_up castle |
| 25:21 | Maximo Cossetti · first_building Stable |
| 25:32 | bmedina_CHILE · first_building Monastery |
| 27:36 | Heartitraces · first_building Monastery |
| 28:06 | bmedina_CHILE · first_building Castle |
| 29:17 | bmedina_CHILE · first_building Siege Workshop |
| 29:44 | Maximo Cossetti · first_building Monastery |
| 32:25 | Maximo Cossetti · first_market_buy 500 wood |
| 32:33 | bmedina_CHILE · age_up imperial |
| 34:04 | Heartitraces · first_building Castle |
| 34:04 | bmedina_CHILE · wall_segment Palisade Wall x18 |
| 34:08 | Maximo Cossetti · wall_segment Stone Wall x1 |
| 34:48 | Heartitraces · wall_segment Stone Wall x2 |
| 34:57 | Heartitraces · wall_segment Stone Wall x2 |
| 35:56 | BHA-1 · first_building Siege Workshop |
| 36:18 | bmedina_CHILE · wall_segment Palisade Wall x18 |
| 37:21 | Maximo Cossetti · first_building Castle |
| 40:23 | Heartitraces · age_up imperial |
| 45:24 | Maximo Cossetti · age_up imperial |
| 45:41 | BHA-1 · age_up imperial |
| 48:58 | bmedina_CHILE · first_market_sell 100 wood |
| 51:22 | Maximo Cossetti · first_building Siege Workshop |
| 51:52 | Heartitraces · first_building Siege Workshop |
| 56:09 | bmedina_CHILE · wall_segment Palisade Wall x28 |
| 56:13 | bmedina_CHILE · wall_segment Palisade Wall x12 |
| 56:19 | bmedina_CHILE · wall_segment Palisade Wall x6 |
| 56:50 | BHA-1 · resign |
[ AI ANALYSIS · 1 CREDIT ]
What really happened in this match?
Wolo.gg analyzes every decision: build order, eco, micro, common mistakes by bracket. Personalized analysis on WhatsApp or Discord in 30 seconds.
Civ guide
Slavs
Map guide
Arabia
Perfil
Heartitraces